 Dungeon Crawl Stone Soup version 0.30.0-29-ga12c61a403 (webtiles) character file.

Game seed: 8750068913478222449

25398 cheesebisquit the Severer (level 13, -3/119 HPs)
             Began as a Hill Orc Fighter on June 10, 2023.
             Was an Initiate of Yredelemnul.
             Slain by a 16-headed hydra (12 damage)
             ... on level 3 of the Lair of Beasts on June 11, 2023.
             The game lasted 00:43:08 (15054 turns).

cheesebisquit the Severer (Hill Orc Fighter)       Turns: 15054, Time: 00:43:09

Health: -3/119     AC: 27    Str: 24    XL:     13   Next: 19%
Magic:  17/17      EV:  9    Int:  8    God:    Yredelemnul [......]
Gold:   128        SH:  0    Dex: 10    Spells: 12/12 levels left

rFire   . . .        J - +0 battleaxe
rCold   + . .        (shield currently unavailable)
rNeg    . . .        p - +2 chain mail {rC+}
rPois   .            E - +1 hat
rElec   .            r - +1 cloak
rCorr   .            q - +1 pair of gloves
SInv    .            c - +2 pair of boots
Will    +....        k - amulet of magic regeneration Stlth
                     X - ring of willpower
HPRegen 0.39/turn    C - +4 ring of protection
MPRegen 0.55/turn

%: no passive effects
@: studying Invocations, invisible
A: no striking features
a: Renounce Religion, Recall Undead Harvest


You were on level 3 of the Lair of Beasts.
You worshipped Yredelemnul.
Yredelemnul was noncommittal.
You visited 3 branches of the dungeon, and saw 16 of its levels.

You collected 1190 gold pieces.
You spent 1062 gold pieces at shops.

Inventory:

Hand Weapons
 x - a +0 broad axe
 A - a +2 hand axe of freezing
 J - a +0 battleaxe (weapon)
Missiles
 h - 3 boomerangs of dispersal
 o - 37 poisoned darts (quivered)
 F - 7 boomerangs
 H - 4 silver javelins
 N - 2 throwing nets
 O - 8 javelins
 T - a curare-tipped dart
Armour
 c - a +2 pair of boots (worn)
 p - a +2 chain mail of cold resistance (worn)
 q - a +1 pair of gloves (worn)
 r - a +1 cloak (worn)
 s - the +4 ring mail "Piweof" {Fly Will+++ MP-9 Str-2}
   (You found it on level 4 of the Dungeon)

   Str:       It affects your strength (-2).
   MP:        It affects your magic capacity (-9).
   Fly:       It grants you flight.
   Will:      It greatly increases your willpower.
 E - a +1 hat (worn)
 L - the +0 chain mail "Foapsu Tabo" {Regen+ Dex+8 Stlth-}
   (You found it on level 7 of the Dungeon)

   Dex:       It affects your dexterity (+8).
   Regen:     It increases your rate of health regeneration.
   Stlth:     It makes you less stealthy.
Jewellery
 k - an amulet of magic regeneration (around neck)
 u - a +5 ring of evasion
 C - a +4 ring of protection (right hand)
 X - a ring of willpower (left hand)
Wands
 f - a wand of digging (7)
 t - a wand of quicksilver (9)
 G - a wand of flame (24)
 I - a wand of polymorph (4)
 P - a wand of roots (18)
 U - a wand of charming (14)
Scrolls
 a - a scroll of torment {unknown}
 b - 3 scrolls of poison
 d - 6 scrolls of fear
 j - 7 scrolls of teleportation
 l - 3 scrolls of amnesia
 n - 2 scrolls of fog
 v - a scroll of magic mapping {unknown}
 w - a scroll of blinking
 y - a scroll of acquirement {unknown}
 z - a scroll of vulnerability
 D - a scroll of brand weapon {unknown}
 M - a scroll of silence {unknown}
 R - a scroll of immolation {unknown}
 Z - 2 scrolls of butterflies
Potions
 e - a potion of ambrosia
 g - 10 potions of curing
 i - a potion of attraction
 m - 2 potions of lignification
 B - 3 potions of brilliance
 K - a potion of mutation
 S - 2 potions of flight
 V - 2 potions of resistance {unknown}
 W - 3 potions of heal wounds
 Y - 5 potions of invisibility


   Skills:
 + Level 12.6 Fighting
 * Level 18.3 Axes
 + Level 11.7 Armour
 - Level 9.0 Shields
 + Level 6.2 Invocations


You had 12 spell levels left.
You didn't know any spells.
Your spell library contained the following spells:

 Spells                   Type           Power      Damage    Failure   Level
 Kiss of Death            Conj/Necr      0%         2d5       86%         1
 Magic Dart               Conj           0%         1d3       86%         1
 Blink                    Tloc           0%         N/A       95%         2
 Call Imp                 Summ           0%         N/A       95%         2
 Cigotuvi's Dreadful Rot  Necr/Pois/Air  0%         N/A       95%         2
 Confusing Touch          Hex            0%         N/A       99%         3
 Ignite Poison            Fire/Tmut/Pois 0%         N/A       99%         3
 Mephitic Cloud           Conj/Pois/Air  0%         N/A       99%         3
 Ozocubu's Armour         Ice            0%         N/A       99%         3
 Vhi's Electric Charge    Tloc/Air       0%         N/A       99%         3
 Cause Fear               Hex            0%         N/A       100%        4
 Dispel Undead            Necr           0%         3d6       100%        4
 Manifold Assault         Tloc           0%         N/A       100%        4
 Arcjolt                  Conj/Air       0%         1d10      100%        5
 Freezing Cloud           Conj/Ice/Air   0%         6-21      100%        5
 Plasma Beam              Fire/Air       0%         2x1d11    100%        6
 Dragon Form              Tmut           0%         N/A       100%        7
 Ozocubu's Refrigeration  Ice            0%         4d7       100%        7
 Storm Form               Tmut/Air       0%         N/A       100%        7
 Dragon's Call            Summ           0%         N/A       100%        9


Dungeon Overview and Level Annotations

Branches:
Dungeon (12/15)            Temple (1/1) D:4            Lair (3/5) D:11
 Shoals (0/4) Lair:2          Orc (0/2) D:12
  Snake: Lair:2-3    Spider: Lair:2-3

Altars:
Ashenzari
Cheibriados
Dithmenos
Elyvilon
Fedhas
Gozag
Hepliaklqana
Kikubaaqudgha
Makhleb
Nemelex Xobeh
Okawaru
Qazlal
Ru
Sif Muna
Trog
Uskayaw
Vehumet
Wu Jian
Xom
Yredelemnul
Zin
The Shining One

Shops:
D:8 :


Message History

The 14-headed hydra completely misses you.
The 14-headed hydra barely misses you. The 14-headed hydra bites you!
* * * LOW HITPOINT WARNING * * *
The 14-headed hydra barely misses you.
The 14-headed hydra bites you but does no damage. x2
The 14-headed hydra closely misses you. The 14-headed hydra bites you.
* * * LOW HITPOINT WARNING * * *
The 14-headed hydra closely misses you. The 14-headed hydra bites you.
* * * LOW HITPOINT WARNING * * *
The 14-headed hydra bites you but does no damage.
Your wolf zombie barely misses the 14-headed hydra.
You barely miss the 14-headed hydra.
The 14-headed hydra is heavily wounded.
Your wolf zombie bites the 14-headed hydra!
The 14-headed hydra bites your wolf zombie! x2
Your wolf zombie is destroyed!
The 14-headed hydra bites you but does no damage. x3
The 14-headed hydra closely misses you. The 14-headed hydra barely misses you.
The 14-headed hydra bites you but does no damage.
The 14-headed hydra closely misses you. x2
The 14-headed hydra bites you but does no damage.
The 14-headed hydra bites you!
* * * LOW HITPOINT WARNING * * *
The 14-headed hydra bites you but does no damage. x2
You chop one of the 14-headed hydra's heads off!
The 13-headed hydra grows two more!
You slice the 15-headed hydra!!
The 15-headed hydra is severely wounded.
You slice one of the 15-headed hydra's heads off!
The 14-headed hydra grows two more!
You slice the 16-headed hydra!!
The 16-headed hydra is almost dead.
The 16-headed hydra bites you but does no damage.
The 16-headed hydra closely misses you.
The 16-headed hydra bites you but does no damage.
The 16-headed hydra bites you!
* * * LOW HITPOINT WARNING * * *
The 16-headed hydra closely misses you.
The 16-headed hydra bites you but does no damage. x2
The 16-headed hydra bites you!
You die...
Your body rises from the dead as a mindless zombie.

.......#.#..^#
..............##
.............P.##
.................
................#
.........#....#.#
.........<.....#
...........P...#
.......@..#....#
......D.......##
.....(........#
...............#
...(......#.#}##
.......#...#..#
.......[.......
......) .##....


You could see a 16-headed hydra (unable to see you).

Vanquished Creatures
  Gastronok (Lair:1)
  2 two-headed ogres (D:12)
  A skyshark (Lair:2)
  Pikel (D:5)
  An ugly thing (D:12)
  2 manticores
  A black mamba (Lair:2)
  2 slime creatures (D:10)
  An unseen horror (D:12)
  Maggie (D:8)
  3 centaur skeletons (D:7)
  2 cane toads (Lair:1)
  4 komodo dragons
  2 hellwings (D:7)
  A polar bear (Lair:1)
  A troll (D:10)
  A hornet (Lair:2)
  2 blink frogs (Lair:1)
  5 wyverns (D:11)
  3 shadows (D:11)
  A wraith (D:12)
  19 yaks
  A steam dragon (D:9)
  A basilisk (D:11)
  4 vampire mosquitoes (D:12)
  An acid dragon (D:12)
  2 swamp worms (D:11)
  5 water moccasins
  An ice beast (D:5)
  3 orc warriors
  2 black bears
  5 centaurs
  17 wolves
  A phantom (D:6)
  2 kobold brigands
  Blork the orc (D:5)
  2 gnoll sergeants
  6 bullfrogs
  3 scorpions
  9 wights
  9 killer bees (D:9)
  An electric eel (Lair:2)
  A vampire bat (Lair:2)
  A howler monkey (D:9)
  A jelly (D:5)
  4 orc priests
  3 hounds
  Crazy Yiuf (D:3)
  A sleepcap (D:6)
  A boggart zombie (D:7)
  3 iguanas
  9 orc wizards
  A boggart skeleton (D:7)
  10 gnolls
  5 adders
  5 shadow imps
  A white imp (D:8)
  2 dart slugs
  20 orcs
  5 ball pythons
  8 endoplasms
  A goblin (D:2)
  4 hobgoblins
  20 kobolds
  2 quokkas
  12 bats
  4 frilled lizards
  3 rats
261 creatures vanquished.

Vanquished Creatures (collateral kills)
  A catoblepas (Lair:2)
  A two-headed ogre (D:9)
  A centaur skeleton (D:7)
  Psyche (D:11)
  A polar bear (Lair:2)
  3 blink frogs (Lair:1)
  A shadow (D:12)
  2 wyverns
  2 basilisks (Lair:1)
  5 yaks
  An acid dragon (D:11)
  A water moccasin (Lair:1)
  A black bear (D:5)
  A swamp drake (D:11)
  A hornet zombie (D:7)
  3 wolves
  A bullfrog (Lair:2)
  A scorpion (D:7)
  A wight (D:10)
  2 killer bees (D:9)
  A hound (D:6)
  An orc priest (D:9)
  A sleepcap (D:5)
  An orc wizard (D:7)
  An adder (D:5)
  A shadow imp (D:7)
  9 orcs
  A bat (Lair:2)
47 creatures vanquished.

Vanquished Creatures (others)
  2 water moccasin zombies (Lair:1)
  5 yak zombies
  4 wolf zombies
  A bullfrog zombie (D:5)
  A centaur zombie (D:10)
  3 killer bee zombies (D:9)
  An adder zombie (D:5)
  3 spectral shadow imps
  An orc (D:5)
  A gnoll zombie (D:8)
  2 kobold zombies
  5 orc zombies
29 creatures vanquished.

Grand Total: 337 creatures vanquished

Notes
Turn   | Place    | Note
-------+----------+-------------------------------------------
     0 | D:1      | cheesebisquit the Hill Orc Fighter began the quest for the
                  | Orb.
     0 | D:1      | Reached XP level 1. HP: 19/19 MP: 1/1
    41 | D:1      | Reached skill level 3 in Axes
    65 | D:1      | Reached XP level 2. HP: 27/27 MP: 2/2
   256 | D:1      | Reached XP level 3. HP: 33/33 MP: 3/3
   851 | D:2      | Reached skill level 4 in Axes
  1168 | D:2      | Reached XP level 4. HP: 35/40 MP: 4/4
  1292 | D:2      | Found a white marble altar of Elyvilon.
  1675 | D:3      | Reached XP level 5. HP: 45/47 MP: 5/5
  1962 | D:3      | Found a runed translucent door.
  1963 | D:3      | Noticed Crazy Yiuf
  2153 | D:3      | Killed Crazy Yiuf
  2154 | D:3      | Reached skill level 5 in Axes
  2216 | D:4      | Identified the +4 ring mail "Piweof" {Fly Will+++ MP-9
                  | Str-2}
  2239 | D:4      | Reached XP level 6. HP: 53/53 MP: 6/6
  2588 | D:4      | Found a staircase to the Ecumenical Temple.
  2710 | Temple   | Entered the Ecumenical Temple
  2909 | Temple   | Became a worshipper of Yredelemnul the Dark
  3196 | D:5      | Entered Level 5 of the Dungeon
  3216 | D:5      | Reached skill level 5 in Fighting
  3216 | D:5      | Reached skill level 6 in Axes
  3228 | D:5      | Noticed Blork the orc
  3234 | D:5      | Killed Blork the orc
  3329 | D:5      | Noticed a black bear
  3337 | D:5      | Killed a black bear
  3338 | D:5      | Reached skill level 5 in Shields
  3338 | D:5      | Reached XP level 7. HP: 61/61 MP: 7/7
  3340 | D:5      | Reached * piety under Yredelemnul
  3341 | D:5      | Reached skill level 5 in Armour
  3346 | D:5      | Reached skill level 7 in Axes
  3383 | D:5      | Reached ** piety under Yredelemnul
  3634 | D:5      | Reached XP level 8. HP: 70/70 MP: 8/8
  3725 | D:5      | Noticed Pikel
  3740 | D:5      | Reached *** piety under Yredelemnul
  3742 | D:5      | Killed Pikel
  3743 | D:5      | Reached skill level 9 in Axes
  4504 | D:6      | Reached XP level 9. HP: 75/79 MP: 9/9
  4668 | D:6      | Found an ancient bone altar of Kikubaaqudgha.
  4675 | D:6      | Found Neidgh's CLEARANCE SALE!.
  4683 | D:6      | Bought a wand of polymorph (4) for 22 gold pieces
  4716 | D:6      | Reached skill level 10 in Axes
  5268 | D:7      | Noticed a hellwing
  5280 | D:7      | Noticed a hellwing
  5286 | D:7      | Reached skill level 11 in Axes
  5286 | D:7      | Killed a hellwing
  5296 | D:7      | Killed a hellwing
  5297 | D:7      | Reached XP level 10. HP: 51/89 MP: 10/10
  5312 | D:7      | Reached skill level 12 in Axes
  5596 | D:7      | Identified the +0 chain mail "Foapsu Tabo" {Regen+ Dex+8
                  | Stlth-}
  5986 | D:7      | Found a shimmering blue altar of Sif Muna.
  6193 | D:8      | Noticed Maggie
  6212 | D:8      | Killed Maggie
  6477 | D:8      | Found Mymaom Enua's Vocational Training.
  6855 | D:9      | Reached skill level 13 in Axes
  7144 | D:9      | Identified the staff of cold "Cemyth" {rElec rC+ Int+2
                  | Stlth-}
  7834 | D:9      | Noticed a two-headed ogre
  7840 | D:9      | Killed a two-headed ogre
  7841 | D:9      | Reached XP level 11. HP: 60/97 MP: 11/11
  8036 | D:10     | Entered Level 10 of the Dungeon
  8125 | D:10     | Reached skill level 14 in Axes
  8454 | D:10     | Found a hide-covered altar of Uskayaw.
  8459 | D:10     | Found a shimmering altar of Xom.
  8679 | D:10     | Reached skill level 10 in Fighting
  8780 | D:10     | Reached **** piety under Yredelemnul
  9403 | D:11     | Noticed Psyche
  9411 | D:11     | Killed Psyche
  9506 | D:11     | Noticed a manticore
  9513 | D:11     | Killed a manticore
  9622 | D:11     | Reached skill level 15 in Axes
  9763 | D:11     | Reached ***** piety under Yredelemnul
 10292 | D:11     | Reached ****** piety under Yredelemnul
 10433 | D:11     | Found a staircase to the Lair.
 10672 | D:12     | Reached skill level 10 in Armour
 10730 | D:12     | Noticed a purple ugly thing
 10738 | D:12     | Killed a purple ugly thing
 10840 | D:12     | Noticed a manticore
 10851 | D:12     | Killed a manticore
 10852 | D:12     | Reached XP level 12. HP: 94/110 MP: 12/12
 10973 | D:12     | Noticed a two-headed ogre
 10978 | D:12     | Killed a two-headed ogre
 10979 | D:12     | Reached skill level 16 in Axes
 11237 | D:12     | Found a staircase to the Orcish Mines.
 11743 | D:12     | Noticed a two-headed ogre
 11759 | D:12     | Killed a two-headed ogre
 12080 | Lair:1   | Entered Level 1 of the Lair of Beasts
 12227 | Lair:1   | Reached skill level 17 in Axes
 12435 | Lair:1   | Reached skill level 1 in Invocations
 12516 | Lair:1   | Noticed Gastronok
 12536 | Lair:1   | Killed Gastronok
 13393 | D:8      | Bought a manual of Invocations for 1040 gold pieces
 13565 | Lair:2   | Noticed a skyshark
 13577 | Lair:2   | Killed a skyshark
 13854 | Lair:2   | Found a staircase to the Shoals.
 13861 | Lair:2   | Reached XP level 13. HP: 98/119 MP: 16/16
 13936 | Lair:2   | Reached skill level 18 in Axes
 13944 | Lair:2   | Reached skill level 5 in Invocations
 15054 | Lair:3   | Slain by a 16-headed hydra

Illustrated notes

Levels and vault maps discovered:
D:1:      ncdulo_lavacross, layout_loops_ring, kennysheep_nondescript,
          minmay_tromino_v4_a
D:2:      layout_loops_ring, basic_altar, minivault_23, hangedman_glass_teeth
D:3:      layout_basic, uniq_crazy_yiuf_cottage
D:4:      layout_loops_cross, temple_hall
D:5:      layout_loops_cross, grunt_decor_resistance,
          chequers_serial_rivers_micro_a, kennysheep_diamond,
          uniq_blork_the_orc, uniq_pikel
D:6:      layout_basic, general_overflow_altar, nicolae_shop_clearance
D:7:      cheibrodos_grave_circle, layout_basic, lemuel_blue_sif_altar
D:8:      layout_loops_ring, minmay_misc_feat_plants, nicolae_shop_vocational,
          uniq_maggie
D:9:      layout_grid_maze, nicolae_figureground_sparkle
D:10:     layout_loops_ring, minitemple
D:11:     layout_long_grid, erik_lair_dragon, minmay_misc_feat_four_crosses,
          worms_lemuel, uniq_psyche
D:12:     layout_stronghold, orc_0_dummy, kennysheep_generic_room_14
Temple:   eino_narrow_crystal_temple
Lair:1:   layout_chaotic_city, uniq_gastronok
Lair:2:   layout_roguey, elwin_shoals_entry_rocks,
          chequers_serial_rivers_room_b, roderic_batcave,
          chequers_serial_rivers_micro_d, minmay_stone_trees_small,
          chequers_serial_rivers_marsh, infiniplex_staircase_pool
Lair:3:   layout_cave_shapes, guppyfry_snake_entry_garden

Skill      XL: |  1  2  3  4  5  6  7  8  9 10 11 12 13 |
---------------+----------------------------------------+-----
Axes           | 3 4 5 6 7 9 11 13 15 17 18 | 18.3
Fighting       | 4 5 7 8 9 11 12 | 12.6
Shields        | 4 5 6 7 8 9 |  9.0
Armour         | 4 5 6 7 8 10 11 | 11.7
Invocations    | 4 6 |  6.2

Action                     |  1- 3 |  4- 6 |  7- 9 | 10-12 | 13-15 || total
---------------------------+-------+-------+-------+-------+-------++-------
  Melee: War axe           |    92 |    95 |       |       |       ||   187
         Hand axe          |       |     6 |   181 |       |       ||   187
         Battleaxe         |       |       |    61 |   532 |    79 ||   672
         Unarmed           |       |       |       |     3 |       ||     3
  Throw: Dart              |       |       |       |     2 |     2 ||     4
 Invoke: Dark Bargain      |       |       |       |     3 |     5 ||     8
         Recall Undead Har |       |       |       |     2 |       ||     2
    Use: Potion            |       |     1 |     3 |     5 |     1 ||    10
         Scroll            |       |       |    16 |     7 |       ||    23
   Stab: Distracted        |       |     1 |       |    11 |       ||    12
         Invisible         |       |       |     3 |     2 |       ||     5
         Petrifying        |       |       |       |       |     1 ||     1
 Armour: Scale mail        |    11 |       |       |       |       ||    11
         Chain mail        |    27 |    56 |   120 |   410 |   114 ||   727
         Skin              |       |       |       |     3 |       ||     3
  Dodge: Dodged            |    33 |    54 |   132 |   353 |    75 ||   647
  Block: Buckler           |    23 |    30 |     9 |       |       ||    62
         Kite shield       |       |       |    46 |       |       ||    46
